 Dungeon Crawl Stone Soup version 0.23.2-40-g277498a001 (webtiles) character file.

Game seed: 12549423967048612325

2127 OrcJesus the Grappler (level 9, -10/81 HPs)
             Began as a Troll Wanderer on Aug 25, 2019.
             Was an Initiate of Uskayaw.
             Mangled by crossborder's ghost (19 damage)
             ... on level 7 of the Dungeon.
             The game lasted 00:21:10 (5643 turns).

OrcJesus the Grappler (Troll Wanderer)              Turns: 5643, Time: 00:21:11

Health: -10/81     AC:  9    Str: 21    XL:     9   Next: 8%
Magic:  5/11       EV:  8    Int:  8    God:    Uskayaw [......]
Gold:   387        SH: 10    Dex: 13    Spells: 13/13 levels left

rFire    . . .     SeeInvis +     - Unarmed
rCold    + . .     Gourm    +   p - +0 shield
rNeg     . . .     Faith    .   d - +0 robe
rPois    +         Spirit   .   (helmet restricted)
rElec    .         Reflect  .   s - +2 cloak of the Carpenter {+Blink rPois MR- SInv}
rCorr    +         Harm     .   (gloves unavailable)
MR       .....                  (boots unavailable)
Stlth    ++........             (no amulet)
HPRegen  0.63/turn              q - ring of protection from cold
MPRegen  0.12/turn              i - ring of resist corrosion

@: no status effects
A: large, unfitting armour, claws 3, fast metabolism 3, gourmand, regeneration
1, shaggy fur 1, tough skin 3
a: Renounce Religion, Evoke Blink


You were on level 7 of the Dungeon.
You worshipped Uskayaw.
Uskayaw was noncommittal.
You were very full.

You visited 2 branches of the dungeon, and saw 9 of its levels.

You collected 387 gold pieces.

Inventory:

Missiles
 h - a throwing net (quivered)
Armour
 d - a +0 robe (worn)
 p - a +0 shield (worn)
 s - the +2 cloak of the Carpenter (worn) {+Blink rPois MR- SInv}
   (You found it on level 4 of the Dungeon)

   It protects you from poison.
   It affects your resistance to hostile enchantments.
   It lets you see invisible.
   It lets you blink.
Jewellery
 i - a ring of resist corrosion (right claw)
 q - a ring of protection from cold (left claw)
Wands
 e - a wand of random effects (15)
Scrolls
 a - 5 scrolls of teleportation
 j - 2 scrolls of amnesia {unknown}
 k - 2 scrolls of fear
 l - 4 scrolls of remove curse
 m - 2 scrolls of blinking
 o - 2 scrolls of enchant weapon
 u - a scroll of enchant armour {unknown}
Potions
 b - 3 potions of heal wounds {unknown}
 c - 2 potions of ambrosia
 g - a potion of agility {unknown}
 n - 4 potions of lignification {unknown}
 r - a potion of haste
 t - a potion of degeneration {unknown}
 w - a potion of cancellation {unknown}
Comestibles
 f - 11 rations


   Skills:
 - Level 3.0 Fighting
 - Level 1.0 Throwing
 - Level 1.0 Stealth
 * Level 5.5 Shields
 * Level 9.0 Unarmed Combat
 - Level 2.6 Spellcasting
   Level 1.0 Hexes
   Level 1.5 Necromancy
   Level 1.0 Fire Magic


You had 13 spell levels left.
You didn't know any spells.
Your spell library contained the following spells:

 Spells                   Type           Power        Failure   Level  Hunger
 Corpse Rot               Necr           N/A          50%         2    ###....
 Sublimation of Blood     Necr           #.........   50%         2    ###....
 Freeze                   Ice            #...         58%         1    ##.....
 Magic Dart               Conj           #...         58%         1    ##.....
 Summon Small Mammal      Summ           #...         58%         1    ##.....
 Slow                     Hex            #.......     58%         2    ###....
 Blink                    Tloc           N/A          73%         2    ###....
 Call Imp                 Summ           #.......     73%         2    ###....
 Conjure Flame            Conj/Fire      #.......     87%         3    ####...
 Summon Guardian Golem    Hex/Summ       #.......     87%         3    ####...
 Call Canine Familiar     Summ           #.......     91%         3    ####...
 Mephitic Cloud           Conj/Pois/Air  #.......     91%         3    ####...
 Ozocubu's Armour         Chrm/Ice       #.......     91%         3    ####...
 Summon Ice Beast         Ice/Summ       #.......     100%        4    #####..
 Summon Lightning Spire   Summ/Air       #.......     100%        4    #####..


Dungeon Overview and Level Annotations

Branches:
Dungeon (8/15)             Temple (1/1) D:6
   Lair: D:8-11

Altars:
Ashenzari
Cheibriados
Dithmenos
Elyvilon
Fedhas
Gozag
Hepliaklqana
Kikubaaqudgha
Makhleb
Nemelex Xobeh
Okawaru
Qazlal
Ru
Trog
Uskayaw
Vehumet
Wu Jian
Xom
Yredelemnul
Zin
The Shining One
Lugonu

Annotations:
D:7 crossborder's ghost, novice HOFi


Innate Abilities, Weirdness & Mutations

You are too large for most types of armour.
You have claws for hands.
Your metabolism is lightning-fast.
You like to eat raw meat.
Your natural rate of healing is unusually fast.
You are covered in fur. (AC +1)
You have extremely tough skin. (AC +3)


Message History

You scratch crossborder's ghost.
Crossborder's ghost is heavily damaged.
Crossborder's ghost hits you!
* * * LOW HITPOINT WARNING * * *
You can now stomp with the beat.
There is an open door here.
All of the chunks of flesh in your inventory have rotted away.
You stomp with the beat, sending a shockwave through the revelers around you!
Crossborder's ghost is severely damaged.
You feel somewhat less full.
You can no longer stomp with the beat.
Okay, then.
You claw crossborder's ghost!
Crossborder's ghost is severely damaged.
Crossborder's ghost hits you!!
* * * LOW HITPOINT WARNING * * *
You claw crossborder's ghost!
Crossborder's ghost is almost destroyed.
Crossborder's ghost hits you!!
You die...

.........#..................#
.........##......##...##...##
.........##......##...#######
.<.....................#....#
.......................#....#
....##...##..........>.+....#
######...##......###'###....#
.....#...##.....W##...##....#
.....#...'......@#..........#
.....#...#.......#..........#
.....#...#.......#.........##
.....#'####......#.........##
..........#......###'###....# ..
..........#......##...##....# ..
..........#......#.....)....# ...
#####.....#.=....#.....#..#####..
#.....#......#...).#.##.8∩##.


You could see crossborder's ghost.

Vanquished Creatures
  Pikel (D:4)
  Grinder (D:6)
  An orc warrior (D:7)
  A slave (D:4)
  2 phantoms (D:7)
  2 ogres (D:7)
  A centaur (D:7)
  A bullfrog (D:7)
  A gnoll sergeant (D:7)
  A wyvern zombie (D:3)
  A scorpion (D:4)
  3 wights (D:7)
  A howler monkey (D:3)
  2 crimson imps
  2 hounds
  2 orc wizards
  A centaur skeleton (D:6)
  An orc priest (D:7)
  4 worker ants
  A hound skeleton (D:7)
  10 adders
  3 gnolls (D:7)
  4 shadow imps
  A worm (D:2)
  4 dart slugs
  4 leopard geckos
  15 orcs
  7 bats
  5 giant cockroaches
  8 goblins
  9 hobgoblins
  14 jackals
  2 quokkas
  2 ball pythons (D:2)
  17 frilled lizards
  7 kobolds
  A leopard gecko zombie (D:6)
  A quokka skeleton (D:7)
  12 rats
  A demonic plant (Temple)
157 creatures vanquished.

Notes
Turn   | Place    | Note
-------+----------+-------------------------------------------
     0 | D:1      | OrcJesus the Troll Wanderer began the quest for the Orb.
     0 | D:1      | OrcJesus set off with the following items: a +0 club, a +0
                  | robe, 2 rations; and the following spells available to
                  | memorise: Corpse Rot, Sublimation of Blood, Freeze, Magic
                  | Dart, Slow, Blink, Call Imp, Conjure Flame, Mephitic Cloud,
                  | Ozocubu's Armour
     0 | D:1      | Reached XP level 1. HP: 16/16 MP: 3/3
    57 | D:1      | Reached skill level 1 in Unarmed Combat
   213 | D:1      | Reached XP level 2. HP: 24/24 MP: 4/4
   224 | D:1      | Reached skill level 2 in Unarmed Combat
   258 | D:1      | Found a shattered altar of Ashenzari.
   874 | D:1      | Reached XP level 3. HP: 26/31 MP: 5/5
  1082 | D:2      | Reached skill level 3 in Unarmed Combat
  1527 | D:2      | Reached XP level 4. HP: 35/39 MP: 6/6
  1545 | D:2      | Reached skill level 4 in Unarmed Combat
  2121 | D:3      | Reached skill level 5 in Unarmed Combat
  2121 | D:3      | Reached XP level 5. HP: 45/45 MP: 7/7
  2267 | D:3      | Reached skill level 1 in Fighting
  2267 | D:3      | Reached XP level 6. HP: 22/55 MP: 8/8
  2833 | D:4      | Found Qoisierph's Antique Weapon Emporium.
  2854 | D:4      | Reached skill level 6 in Unarmed Combat
  2872 | D:4      | Noticed a slave
  2876 | D:4      | Got a distressingly furry cloak
  2885 | D:4      | Killed a slave
  2905 | D:4      | Identified the +2 cloak of the Carpenter {+Blink rPois MR-
                  | SInv} (You found it on level 4 of the Dungeon)
  2950 | D:4      | Found a radiant altar of Vehumet.
  2950 | D:4      | Found an ornate altar of the Wu Jian Council.
  3059 | D:4      | Noticed Pikel
  3060 | D:4      | Noticed a slave
  3061 | D:4      | Noticed a slave
  3062 | D:4      | Noticed a slave
  3072 | D:4      | Killed Pikel
  3072 | D:4      | Reached XP level 7. HP: 35/66 MP: 9/9
  3310 | D:4      | Reached skill level 7 in Unarmed Combat
  3525 | D:5      | Entered Level 5 of the Dungeon
  4020 | D:5      | Found a glowing silver altar of Zin.
  4020 | D:5      | Found a burning altar of Makhleb.
  4021 | D:5      | Noticed a blizzard demon
  4021 | D:5      | Noticed an angel
  4080 | D:5      | Found a sparkling altar of Nemelex Xobeh.
  4081 | D:5      | Found an opulent altar of Gozag.
  4199 | D:6      | Found a staircase to the Ecumenical Temple.
  4209 | D:6      | Noticed Grinder
  4217 | D:6      | Killed Grinder
  4217 | D:6      | Reached XP level 8. HP: 74/74 MP: 10/10
  4237 | Temple   | Entered the Ecumenical Temple
  4302 | Temple   | Became a worshipper of Ru the Awakened
  4466 | D:6      | Found a shadowy altar of Dithmenos.
  4473 | D:6      | Found a shimmering altar of Xom.
  4476 | D:6      | Found an iron altar of Okawaru.
  4477 | D:6      | Found a stormy altar of Qazlal.
  4477 | D:6      | Found a hide-covered altar of Uskayaw.
  4477 | D:6      | Found a shattered altar of Ashenzari.
  4477 | D:6      | Found an ancient bone altar of Kikubaaqudgha.
  4480 | D:6      | Found a blossoming altar of Fedhas.
  4482 | D:6      | Found a white marble altar of Elyvilon.
  4486 | D:6      | Fell from the grace of Ru
  4486 | D:6      | Became a worshipper of Uskayaw the Reveler
  4558 | D:6      | Reached * piety under Uskayaw
  4698 | D:6      | Reached ** piety under Uskayaw
  5033 | D:7      | Reached skill level 8 in Unarmed Combat
  5065 | D:7      | Reached *** piety under Uskayaw
  5067 | D:7      | Reached **** piety under Uskayaw
  5098 | D:7      | Reached skill level 5 in Shields
  5399 | D:7      | Reached XP level 9. HP: 31/81 MP: 6/11
  5515 | D:7      | Found a runed translucent gate.
  5516 | D:7      | Found a runed translucent gate.
  5516 | D:7      | Found an opulent altar of Gozag.
  5517 | D:7      | Found a runed translucent gate.
  5518 | D:7      | Noticed crossborder's ghost (novice HOFi)
  5528 | D:7      | Reached skill level 9 in Unarmed Combat
  5643 | D:7      | Mangled by crossborder's ghost

Skill      XL: |  1  2  3  4  5  6  7  8  9 |
---------------+----------------------------+-----
Unarmed Combat | 1 2 3 5 6 7 8 9 |  9.0
Fighting       | 1 2 3 |  3.0
Shields        | 2 3 5 |  5.5
Throwing       | |  1.0
Stealth        | |  1.0
Spellcasting   | |  2.6
Hexes          | |  1.0
Necromancy     | |  1.5
Fire Magic     | |  1.0

Action                   |  1- 3 |  4- 6 |  7- 9 || total
-------------------------+-------+-------+-------++-------
Melee: Unarmed           |   123 |   156 |   174 ||   453
       Punch             |     1 |     2 |       ||     3
Invok: Stomp             |       |       |     5 ||     5
       Line Pass         |       |       |     3 ||     3
 Abil: Evoke Blink       |       |       |     1 ||     1
  Use: Scroll            |     4 |       |     5 ||     9
 Stab: Sleeping          |     4 |     2 |     1 ||     7
       Paralysed         |       |       |     3 ||     3
       Confused          |       |       |     2 ||     2
  Eat: Chunk             |    20 |    14 |    23 ||    57
Armor: Robe              |    61 |    75 |    49 ||   185
Dodge: Dodged            |    57 |    65 |    36 ||   158
Block: Shield            |       |    13 |    82 ||    95
